 Dungeon Crawl Stone Soup version 0.26.1-11-gd32895ea62 (webtiles) character file.

Game seed: 16628057562993071433

112 kodamatunes15 the Vexing (level 4, -1/33 HPs)
             Began as a Merfolk Wanderer on May 2, 2021.
             Killed from afar by an orc wizard (9 damage)
             ... with a magic dart
             ... on level 4 of the Dungeon.
             The game lasted 00:27:11 (3037 turns).

kodamatunes15 the Vexing (Merfolk Wanderer)         Turns: 3037, Time: 00:27:11

Health: -1/33      AC: 12    Str: 11    XL:     4   Next: 93%
Magic:  7/7        EV:  5    Int: 15    God:
Gold:   222        SH:  0    Dex: 11    Spells: 6/7 levels left

rFire    . . .     SeeInvis .   A - +0 war axe
rCold    . . .     Faith    .   (no shield)
rNeg     . . .     Spirit   .   B - +0 chain mail
rPois    .         Reflect  .   (no helmet)
rElec    .         Harm     .   y - +0 cloak
rCorr    .         Rampage  .   f - +2 pair of gloves {archery}
Will     .....                  (no boots)
Stlth    ..........             (no amulet)
HPRegen  0.11/turn              (no ring)
MPRegen  0.10/turn              (no ring)

@: lethally poisoned (-1 -> -14), hasted, very quick
A: change form in water, swift swim, stealthy swim
a: no special abilities


You were on level 4 of the Dungeon.
You visited 1 branch of the dungeon, and saw 4 of its levels.

You collected 222 gold pieces.

Inventory:

Hand Weapons
 a - a +1 hand axe
 k - a +0 dagger
 z - a +0 whip
 A - a +0 war axe (weapon)
Missiles
 h - 217 stones
 m - 52 sling bullets
 x - 10 arrows
 C - 12 bolts
Armour
 d - a +0 robe
 e - a +0 ring mail
 f - a +2 pair of gloves of archery (worn)
 o - a +0 robe
 p - a +1 leather armour
 y - a +0 cloak (worn)
 B - a +0 chain mail (worn)
Jewellery
 i - an uncursed ring of wizardry
 D - a cursed -4 ring of intelligence {unknown}
Scrolls
 j - a scroll of teleportation
 s - a scroll of amnesia
 u - a scroll of identify
 w - a scroll of remove curse
Potions
 b - a potion of degeneration {unknown}
 c - 2 potions of curing
 g - a potion of haste
 n - a potion of might {unknown}
 q - a potion of heal wounds {unknown}
 r - a potion of cancellation {unknown}
 t - a potion of magic
 v - a potion of invisibility {unknown}


   Skills:
 + Level 1.7 Fighting
 + Level 2.2 Axes
 + Level 1.0 Throwing
 + Level 1.2 Armour
 + Level 1.8 Dodging
 + Level 2.0 Stealth
 + Level 2.0 Spellcasting
 + Level 3.7 Hexes


You had 6 spell levels left.
You knew the following spells:

 Your Spells              Type           Power        Failure   Level
a - Corona                Hex            13%          95%         1

Your spell library contained the following spells:

 Spells                   Type           Power        Failure   Level
 Ensorcelled Hibernation  Hex/Ice        14%          100%        2
 Confusing Touch          Hex            12%          100%        3
 Dazzling Flash           Conj/Hex       14%          100%        3
 Tukima's Dance           Hex            12%          100%        3


Dungeon Overview and Level Annotations

Branches:
Dungeon (4/15)
 Temple: D:4-7

Altars:
Sif Muna


Message History

The orc wizard is almost dead.
You feel sick. The orc wizard casts a spell at you.
The magic dart hits you but does no damage.
You closely miss the orc wizard.
The orc wizard is almost dead.
The orc wizard casts a spell.
The orc wizard blinks!
You miss something.
You feel sick.
The orc wizard points at you and mumbles some strange words.
The magic dart hits you!
* * * LOW HITPOINT WARNING * * *
Something hits you but does no damage.
You are lethally poisoned!
You barely miss something.
* * * LOW HITPOINT WARNING * * *
You feel sick. Something hits you but does no damage.
The orc wizard casts a spell at you. The magic dart hits you!
You die...

*,,,,*,.........#,,,,,,,,,***
****,,*,.........#********,*
,,,,,,,,...[.....# *,#
****,****#.......#########.#
****+****#.................#
,,,,,,,,,#.......#####..####
,,,,,,,_,#######o# #..#
,,,,,,,,,* #.# #..# ,,,,,,,,,*
#@#** #..# ,,,,,,,,,*
#{#.###..####### ,,,,,,,,,*
#o#....).......#
,,,,,,,,,******#.#.##########.#
,,,,,,,,,+,,,,,...,* #.#
,,,,,,,,,***,**###** #.#
,,,,,,,,,***,* #.#
******,,,,,,,* #.# *,*******
#.#


You could see an orc wizard (fast) and an orc.

Vanquished Creatures
  An orc wizard (D:3)
  An adder (D:2)
  An ooze (D:3)
  2 worms
  3 dart slugs
  A leopard gecko (D:3)
  6 orcs
  A ball python (D:1)
  6 bats
  3 giant cockroaches
  5 goblins
  4 hobgoblins (D:2)
  A quokka (D:2)
  3 frilled lizards (D:2)
  8 kobolds
  7 rats
53 creatures vanquished.

Notes
Turn   | Place    | Note
-------+----------+-------------------------------------------
     0 | D:1      | kodamatunes15 the Merfolk Wanderer began the quest for the
                  | Orb.
     0 | D:1      | kodamatunes15 set off with the following items: a +0 hand
                  | axe, a potion of curing, a +0 robe; and the following spell
                  | memorised: Corona; and the following spells available to
                  | memorise: Ensorcelled Hibernation, Confusing Touch,
                  | Tukima's Dance, Dazzling Flash
     0 | D:1      | Reached XP level 1. HP: 15/15 MP: 3/3
   247 | D:1      | Reached XP level 2. HP: 20/21 MP: 5/5
   572 | D:1      | You fall into a shaft and drop 1 floor!
   756 | D:2      | HP: 1/21 [goblin/+0 club (3)]
   810 | D:2      | Reached XP level 3. HP: 16/26 MP: 6/6
  1271 | D:2      | Reached skill level 1 in Dodging
  2112 | D:3      | Reached XP level 4. HP: 19/32 MP: 7/7
  2363 | D:3      | Found a shimmering blue altar of Sif Muna.
  3037 | D:4      | Killed from afar by an orc wizard

Illustrated notes

Levels and vault maps discovered:
D:1:      minmay_arrival_four_houses, layout_loops_cross
D:2:      layout_basic
D:3:      layout_loops_ring, lemuel_coloured_pillars_altar, minmay_crystal_water
D:4:      layout_basic, overflow_temple_1_default,
          hangedman_abyss_or_decor_passed, lexackson_kobold_supper, uniq_duvessa

Skill      XL: |  1  2  3  4 |
---------------+-------------+-----
Dodging        | 1 |  1.8
Stealth        | 2 |  2.0
Axes           | 2 |  2.2
Fighting       | |  1.7
Throwing       | |  1.0
Armour         | |  1.2
Spellcasting   | |  2.0
Hexes          | |  3.7

Action                   |  1- 3 |  4- 6 || total
-------------------------+-------+-------++-------
Melee: Hand axe          |   152 |    24 ||   176
       War axe           |       |    41 ||    41
       Whip              |       |    10 ||    10
 Cast: Corona            |     1 |       ||     1
  Use: Scroll            |    12 |     2 ||    14
       Potion            |     1 |     3 ||     4
 Stab: Sleeping          |     1 |       ||     1
Armor: Robe              |    13 |       ||    13
       Leather armour    |    26 |       ||    26
       Ring mail         |     9 |    22 ||    31
       Chain mail        |       |    50 ||    50
Dodge: Dodged            |    85 |    32 ||   117
